Map: [ESL] Curious Minds

Players

Neeb - Winner!

  • Race: Protoss Protoss

Spirit

  • Race: Terran Terran

Event: IEM Katowice 2022

VOD

Have the link to the VOD?

Description

Time

  • Played on: Feb. 24, 2022, 9:07 a.m.
  • Length: 22:41

All games in this series

Show
View Real Time Build Order
Export as new Build Order

Neeb Protoss - Winner!

Build Orders: 1 Gate Expand, Blink Stalkers 

Get SALT Encoding   

  13  0:09  Pylon  
  13  0:13  Probe  
  13  0:27  Gateway  
  13  0:32  Probe (Chrono Boost)  
  15  0:42  Probe (Chrono Boost)  
  15  0:43  Assimilator  
  15  0:47  Probe (Chrono Boost)  
  16  0:58  Probe  
  17  1:10  Probe  
  18  1:15  Cybernetics Core  
  18  1:22  Probe  
  19  1:38  Nexus  
  19  1:45  Pylon  
  19  1:48  Probe  
  19  1:51  Adept (Chrono Boost)  
  22  2:00  Probe  
  23  2:02  Assimilator  
  23  2:11  Adept (Chrono Boost)  
  23  2:12  Probe  
  26  2:19  Warp Gate  
  26  2:24  Probe  
  27  2:33  Pylon  
  27  2:36  Probe  
  28  2:38  Stalker  
  31  2:51  Probe (Chrono Boost)  
  31  2:53  Probe (Chrono Boost)  
  31  2:56  Twilight Council  
  32  3:01  Probe (Chrono Boost)  
  32  3:03  Probe (Chrono Boost)  
  34  3:06  Probe (Chrono Boost)  
  35  3:13  Probe  
  35  3:18  Probe  
  37  3:21  Gateway  
  37  3:23  Gateway  
  37  3:27  Blink (Chrono Boost)  
  37  3:30  Probe (Chrono Boost)  
  37  3:31  Probe (Chrono Boost)  
  39  3:42  Probe (Chrono Boost)  
  39  3:44  Robotics Facility  
  39  3:45  Probe (Chrono Boost)  
  39  3:47  Probe (Chrono Boost)  
  40  3:53  Probe  
  41  3:56  Probe  
  41  3:58  Assimilator  
  42  4:05  Probe  
  42  4:07  Sentry  
  42  4:08  Probe  
  46  4:13  Assimilator  
  46  4:17  Probe  
  46  4:21  Pylon, Probe  
  48  4:25  Pylon  
  48  4:26  Stalker x2  
  48  4:29  Probe  
  53  4:33  Probe  
  54  4:39  Observer  
  54  4:41  Stalker, Probe  
  54  4:45  Probe  
  59  4:48  Nexus  
  59  4:53  Pylon  
  59  4:54  Probe  
  60  5:00  Stalker  
  60  5:06  Stalker x2  
  66  5:07  Probe  
  66  5:11  Probe  
  68  5:17  Robotics Bay  
  68  5:20  Forge  
  68  5:21  Probe  
  69  5:28  Probe  
  69  5:30  Warp Prism  
  69  5:34  Shield Battery  
  72  5:36  Pylon  
  72  5:37  Probe  
  73  5:43  Probe  
  73  5:49  Probe  
  75  5:51  Charge  
  75  5:55  Stalker x2  
  79  5:57  Stalker  
  79  5:59  Probe  
  79  6:01  Probe  
  82  6:06  Probe  
  82  6:10  Extended Thermal Lance  
  83  6:15  Colossus (Chrono Boost)  
  83  6:16  Protoss Ground Weapons Level 1 (Chrono Boost)  
  86  6:32  Gateway  
  84  6:33  Gateway  
  84  6:37  Gateway  
  84  6:45  Zealot x3  
  88  6:49  Colossus (Chrono Boost)  
  88  6:52  Probe x2  
  90  6:56  Probe  
  97  7:08  Gateway  
  97  7:12  Gateway  
  97  7:15  Pylon, Probe  
  97  7:17  Probe  
  97  7:19  Probe  
  99  7:23  Zealot  
  99  7:25  Pylon  
  99  7:26  Pylon  
  99  7:27  Pylon  
  101  7:37  Probe  
  101  7:39  Zealot x4  
  101  7:40  Probe  
  109  7:45  Probe  
  109  7:48  Stalker x2  
  114  7:53  Probe  
  114  7:54  Pylon x2  
  114  7:56  Pylon  
  114  7:58  Observer (Chrono Boost)  
  116  8:02  Pylon  
  113  8:06  Probe  
  113  8:08  Stalker x6, Observer  
  113  8:11  Observer (Chrono Boost)  
  125  8:17  Observer  
  125  8:22  Zealot x2  
  129  8:29  Warp Prism (Chrono Boost)  
  129  8:32  Zealot x3  
  129  8:33  Zealot x3  
  143  8:37  Templar Archives  
  143  8:44  Nexus  
  143  8:46  Probe  
  143  8:47  Probe  
  145  8:50  Pylon  
  145  8:56  Probe  
  145  9:01  Forge, Protoss Ground Armor Level 1 (Chrono Boost)  
  145  9:02  Probe  
  147  9:03  Probe  
  148  9:11  Probe  
  148  9:15  Observer  
  148  9:16  Probe  
  150  9:17  Photon Cannon  
  150  9:18  Probe  
  150  9:23  Probe  
  152  9:26  High Templar  
  152  9:27  High Templar x3  
  152  9:28  Pylon  
  152  9:29  Pylon, Probe  
  161  9:32  Photon Cannon  
  161  9:34  Archon x2  
  161  9:35  Photon Cannon, Probe  
  163  9:38  Probe  
  163  9:41  Protoss Ground Weapons Level 2 (Chrono Boost)  
  163  9:42  Photon Cannon  
  163  9:52  Gateway  
  163  9:53  Pylon  
  163  9:54  Gateway  
  163  9:56  Gateway  
  163  9:58  Probe  
  163  9:59  Gateway  
  164  10:05  Nexus  
  160  10:17  Probe  
  160  10:19  Disruptor  
  161  10:23  High Templar x2, Robotics Facility, Zealot x4  
  161  10:24  Zealot  
  161  10:27  Probe  
  161  10:28  Probe x2  
  178  10:30  Archon  
  178  10:44  Pylon  
  178  10:46  Zealot x7  
  184  10:54  Disruptor  
  184  10:55  Probe x3  
  184  10:57  Protoss Ground Armor Level 2 (Chrono Boost)  
  190  11:17  Robotics Facility  
  190  11:19  Photon Cannon  
  190  11:20  Shield Battery  
  190  11:21  Pylon  
  190  11:23  Disruptor  
  193  11:30  Disruptor  
  196  11:46  Assimilator  
  196  11:47  Assimilator  
  196  11:59  Disruptor  
  196  12:01  Protoss Ground Weapons Level 3 (Chrono Boost)  
  197  12:16  Gateway  
  197  12:18  Gateway  
  197  12:20  Nexus  
  197  12:21  Gateway x2, Pylon  
  187  12:26  Gateway  
  187  12:29  Zealot x5  
  195  12:30  Gateway, Zealot x2  
  190  12:45  Disruptor x3  
  197  12:54  Zealot  
  197  13:04  Zealot  
  199  13:08  Probe x2  
  189  13:20  Zealot  
  189  13:21  Zealot x4  
  176  13:36  Nexus  
  176  13:40  Stalker x4, Zealot x2  
  176  13:41  Zealot x5  
  198  13:43  Nexus  
  198  13:48  Pylon  
  198  13:50  Protoss Ground Armor Level 3 (Chrono Boost)  
  198  13:51  Pylon  
  198  13:55  Dark Shrine  
  198  14:05  Photon Cannon  
  198  14:06  Shield Battery  
  198  14:11  Stargate  
  198  14:12  Photon Cannon  
  198  14:15  Photon Cannon  
  174  14:26  Disruptor (Chrono Boost)  
  174  14:29  Disruptor x2 (Chrono Boost)  
  174  14:30  Zealot x8  
  193  14:39  Stalker x3  
  193  14:44  Protoss Shields Level 1  
  191  14:49  Observer  
  181  15:00  Probe x2  
  184  15:18  Zealot x12  
  197  15:23  Pylon  
  197  15:24  Pylon, Observer  
  197  15:25  Shadow Stride  
  198  15:30  Probe x2  
  198  15:31  Photon Cannon  
  193  16:07  Void Ray (Chrono Boost)  
  193  16:08  Pylon, Stalker x10  
  185  16:11  Pylon  
  185  16:14  Probe x6  
  191  16:26  Probe x2  
  193  16:33  Fleet Beacon, Stargate  
  193  16:35  Stargate, Assimilator  
  193  16:37  Assimilator  
  177  16:42  Stalker x10  
  177  16:43  Stalker  
  189  17:05  Stalker x3  
  162  17:22  Stalker x4  
  162  17:23  Stalker  
  167  17:30  Nexus  
  167  17:31  Pylon  
  167  17:36  Disruptor x2  
  151  17:37  Disruptor  
  151  17:40  Stalker x3  
  151  17:41  Stalker x2, Zealot x4  
  172  17:54  Zealot x5  
  182  18:03  Photon Cannon  
  182  18:04  Zealot, Void Ray  
  182  18:05  Zealot x4  
  195  18:12  Observer  
  174  18:28  Zealot x5  
  174  18:29  Zealot x2  
  175  18:37  Zealot x7  
  153  18:55  Stalker x6  
  165  19:02  Nexus  
  163  19:08  Probe x4  
  167  19:11  Probe x2  
  167  19:15  Stalker x8  
  185  19:18  Disruptor  
  178  19:41  Probe x3  
  178  19:44  Disruptor x2  
  177  19:49  Zealot  
  177  19:50  Zealot x10  
  188  20:04  Assimilator  
  188  20:05  Assimilator  
  188  20:06  Photon Cannon  
  188  20:11  Stalker  
  188  20:12  Stalker  
  190  20:19  Disruptor  
  183  20:25  Zealot x4  
  187  20:30  Disruptor  
  170  21:00  Stalker x4  
  170  21:01  Pylon  
  170  21:02  Probe x4  
  182  21:07  Probe  
  162  21:20  Stalker x4  
  162  21:22  Probe x3  
  162  21:23  Probe, Zealot  
  162  21:24  Zealot x5  
  183  21:34  Probe x2  
  181  21:52  Stalker x6  
  183  22:00  Stalker x2, Zealot x3  
  183  22:01  Zealot x2  
  195  22:17  Stalker x2  
  183  22:38  Stalker x3  
  183  22:39  Stalker x5  
Show
View Real Time Build Order
Export as new Build Order

Spirit Terran 

Build Orders:  

Get SALT Encoding   

  12  0:00  SCV  
  13  0:12  SCV  
  14  0:17  Supply Depot  
  14  0:24  SCV  
  15  0:38  SCV  
  15  0:40  Barracks  
  16  0:45  Refinery  
  16  0:50  SCV  
  17  1:03  SCV  
  18  1:15  SCV  
  19  1:28  Marine, Orbital Command  
  20  1:44  Command Center  
  20  1:46  Reaper  
  21  1:54  Supply Depot  
  21  1:58  SCV  
  22  2:10  SCV  
  22  2:12  Factory  
  23  2:18  Marine  
  23  2:22  SCV  
  25  2:24  Bunker  
  25  2:34  SCV  
  26  2:38  Barracks Reactor  
  26  2:41  Refinery  
  26  2:46  SCV  
  27  2:56  Orbital Command  
  27  2:59  Hellion  
  27  3:00  Starport  
  27  3:02  SCV  
  30  3:14  SCV  
  30  3:15  Marine x2  
  33  3:20  Widow Mine  
  34  3:27  SCV x2  
  34  3:33  Marine x2  
  37  3:37  Medivac  
  37  3:39  SCV x2  
  41  3:41  Supply Depot  
  41  3:43  Widow Mine  
  43  3:50  Supply Depot  
  43  3:51  SCV x2  
  43  4:03  SCV x2  
  43  4:05  Barracks x2  
  43  4:08  Starport Tech Lab  
  43  4:09  Factory Tech Lab  
  45  4:13  Marine  
  45  4:15  SCV, Marine  
  45  4:16  SCV  
  49  4:20  Engineering Bay  
  49  4:23  Refinery  
  49  4:26  Raven  
  49  4:27  SCV  
  49  4:28  SCV  
  53  4:32  Marine  
  54  4:39  SCV  
  54  4:40  SCV  
  54  4:45  Bunker  
  56  4:47  Bunker  
  56  4:49  Missile Turret, Marine  
  56  4:50  Siege Tank  
  56  4:52  Marine  
  61  4:55  Supply Depot  
  62  5:01  SCV  
  62  5:03  SCV  
  63  5:07  Marine  
  63  5:14  Stimpack  
  63  5:15  SCV x2, Marauder  
  63  5:19  Barracks Tech Lab  
  63  5:21  Refinery  
  67  5:22  Supply Depot  
  67  5:28  SCV x2, Marine  
  69  5:29  Marine  
  69  5:30  Starport Reactor  
  71  5:36  Marauder  
  71  5:39  Factory Reactor  
  71  5:40  Marauder  
  71  5:41  Combat Shield  
  75  5:43  SCV  
  75  5:46  Marine x2  
  75  5:49  SCV  
  79  5:53  Supply Depot, Terran Infantry Weapons Level 1  
  79  5:55  SCV  
  80  5:57  Marauder  
  80  6:01  Marauder  
  80  6:02  Supply Depot  
  84  6:09  Marine  
  85  6:14  Marine  
  85  6:16  Medivac  
  84  6:19  Widow Mine x2, Marauder  
  84  6:23  Marauder  
  84  6:24  Medivac  
  94  6:31  Marine  
  93  6:33  Command Center  
  93  6:35  Marine  
  94  6:40  Marauder  
  94  6:41  Supply Depot x2  
  94  6:44  Marauder  
  96  6:48  Medivac  
  96  6:49  Marine  
  99  6:55  Armory  
  99  6:56  SCV  
  99  6:57  SCV  
  99  7:00  Marine  
  99  7:01  Concussive Shells  
  102  7:03  Widow Mine x2, Marauder  
  102  7:05  Marine  
  102  7:07  Marine  
  110  7:08  SCV  
  110  7:11  Viking  
  110  7:15  SCV  
  114  7:20  SCV, Marine  
  116  7:23  Marauder  
  118  7:32  Supply Depot  
  118  7:33  Marine  
  117  7:37  Widow Mine  
  117  7:38  Marine  
  118  7:44  Marauder, Medivac  
  118  7:45  Marauder, Orbital Command  
  118  7:50  Barracks  
  124  7:51  Barracks, Marine  
  124  7:53  SCV  
  124  7:57  Marine  
  127  8:00  Widow Mine  
  127  8:02  Medivac  
  131  8:06  Marauder x2  
  131  8:07  Orbital Command  
  131  8:08  SCV  
  131  8:09  Marine  
  133  8:14  SCV, Marine, Medivac  
  133  8:20  SCV  
  133  8:25  Bunker  
  133  8:26  Bunker  
  132  8:27  Marine, Marauder  
  132  8:28  SCV  
  132  8:32  SCV, Medivac  
  132  8:33  SCV  
  140  8:37  Terran Infantry Armor Level 1  
  140  8:40  SCV  
  141  8:45  Refinery  
  141  8:46  Refinery, Ghost Academy  
  141  8:48  SCV  
  141  8:54  Barracks Tech Lab  
  141  8:58  Supply Depot  
  141  8:59  Supply Depot  
  141  9:04  Supply Depot  
  141  9:05  Supply Depot  
  141  9:07  Engineering Bay  
  141  9:08  SCV x2  
  141  9:19  SCV, Siege Tank  
  141  9:20  Viking x2  
  141  9:23  Command Center  
  154  9:25  Enhanced Shockwaves, Sensor Tower  
  154  9:27  Terran Vehicle Weapons Level 1  
  154  9:29  Ghost x2  
  153  9:33  Ghost  
  153  9:35  Supply Depot x2, Marine  
  153  9:38  SCV  
  157  9:41  SCV x2  
  157  9:44  Supply Depot  
  157  9:45  Terran Infantry Weapons Level 2  
  159  9:50  SCV  
  160  9:54  Siege Tank  
  160  9:55  SCV  
  160  9:59  Marauder, Marine  
  169  10:00  Marauder, Marine  
  169  10:03  Marauder  
  171  10:08  Medivac  
  171  10:18  Marine  
  171  10:19  Supply Depot  
  171  10:20  Supply Depot, Marauder  
  175  10:21  Marauder  
  175  10:23  Ghost  
  175  10:24  Marine  
  175  10:25  Marine  
  175  10:26  Siege Tank  
  175  10:27  Marine  
  183  10:31  SCV x2  
  185  10:37  SCV  
  185  10:41  Marauder  
  185  10:42  Marauder  
  182  10:51  Marine  
  182  10:53  Viking  
  187  10:58  Siege Tank  
  187  11:01  SCV x2  
  192  11:06  Ghost  
  192  11:07  Marine  
  192  11:09  Terran Infantry Armor Level 2  
  193  11:11  SCV  
  193  11:12  Marine, Marauder x2  
  193  11:17  Refinery  
  199  11:20  Refinery  
  199  11:23  Barracks x2  
  199  11:24  Barracks  
  199  11:25  Planetary Fortress  
  199  11:27  Sensor Tower  
  199  11:28  SCV, Missile Turret  
  200  11:43  Starport  
  200  11:44  Terran Ship Weapons Level 1  
  200  11:45  Fusion Core  
  200  11:50  Command Center  
  199  12:05  Command Center  
  199  12:06  Missile Turret  
  199  12:07  Personal Cloaking  
  198  12:17  Terran Infantry Weapons Level 3  
  198  12:20  Barracks Tech Lab  
  198  12:21  Missile Turret, Barracks Tech Lab  
  198  12:23  Missile Turret  
  198  12:24  Barracks Tech Lab  
  198  12:28  Starport Reactor  
  192  12:51  Advanced Ballistics, Liberator x2  
  187  12:59  Command Center  
  187  13:00  Marauder x5, Marine  
  187  13:01  Marine  
  187  13:02  Marauder  
  187  13:04  Marine  
  191  13:10  Marine  
  191  13:14  Engineering Bay  
  191  13:18  Marine  
  191  13:19  Marine  
  189  13:21  Orbital Command, Marauder x3  
  189  13:27  Marine  
  175  13:32  Nuke  
  175  13:33  Ghost x2  
  175  13:34  Viking, Marine  
  168  13:35  Marine  
  168  13:37  Marine  
  173  13:42  Marine  
  173  13:47  Sensor Tower  
  172  13:50  Liberator x2  
  172  13:53  Liberator  
  181  13:57  Ghost  
  183  14:04  Liberator  
  186  14:10  Orbital Command  
  186  14:15  Terran Ship Weapons Level 2  
  186  14:24  Marine, Marauder  
  170  14:32  Liberator x2  
  170  14:35  Liberator  
  165  14:44  Marine, Marauder  
  165  14:45  Marauder  
  169  14:47  Marine, Liberator  
  173  14:53  Ghost, Marine  
  173  14:56  Orbital Command  
  173  14:57  Marine, Marauder  
  173  14:58  Marine  
  177  15:06  Marine  
  178  15:10  Marine, Marauder  
  181  15:15  Marauder x2, Liberator x2  
  194  15:23  Sensor Tower  
  194  15:24  Refinery  
  191  15:29  SCV  
  191  15:30  Refinery  
  191  15:32  Marine  
  191  15:33  Marauder  
  191  15:37  Liberator x2  
  191  15:42  Marine  
  199  15:43  Marauder  
  198  15:52  Marauder  
  195  16:07  Ghost  
  195  16:08  Marine  
  195  16:09  Liberator  
  195  16:10  Marine  
  200  16:16  Marine, Liberator  
  191  16:20  Liberator  
  191  16:23  Planetary Fortress  
  192  16:26  Marine, Marauder x2  
  192  16:28  Marine  
  197  16:41  SCV x3  
  197  16:44  Marine  
  197  16:45  Marauder  
  200  17:00  Terran Vehicle And Ship Armor Level 1  
  200  17:15  Command Center  
  200  17:16  Missile Turret, Refinery  
  200  17:17  Refinery  
  200  17:18  Sensor Tower  
  200  17:19  Marine  
  200  17:20  Marine, Marauder, Liberator  
  200  17:21  Marine, Marauder  
  200  17:22  Marauder x4  
  182  17:29  Marine  
  170  17:35  Liberator  
  163  17:37  Marine  
  163  17:41  Marauder  
  163  17:43  Marauder x5  
  176  17:47  Sensor Tower  
  176  17:53  Liberator x2  
  176  17:56  SCV x3  
  185  18:03  Marauder  
  185  18:04  Marauder x5  
  197  18:07  Liberator  
  200  18:18  Marine  
  183  18:22  Marine  
  183  18:24  Marauder, Liberator  
  183  18:26  Marauder  
  168  18:28  Marine  
  144  18:36  Liberator x2  
  140  18:50  Liberator  
  140  18:54  Ghost  
  140  18:55  Ghost  
  144  19:11  Ghost  
  144  19:14  Orbital Command  
  144  19:16  Marine  
  144  19:17  Marauder  
  149  19:26  Ghost  
  151  19:31  Ghost  
  151  19:32  Marine  
  143  19:40  Marine  
  143  19:41  Marauder  
  137  19:52  Marine x3, Marauder x2  
  131  19:53  Marauder  
  131  19:54  SCV x3  
  131  19:55  Marauder  
  131  19:58  Marine  
  132  20:01  Marauder  
  132  20:02  Marauder  
  132  20:06  SCV  
  133  20:10  Marine x2  
  133  20:14  Marauder x3  
  138  20:17  Marauder  
  138  20:21  Marine x2  
  134  20:22  Marauder  
  134  20:23  Marauder  
  134  20:28  Marine x2  
  132  20:35  SCV, Marine x2, Marauder  
  131  20:38  Marine x2  
  131  20:39  Marine  
  131  20:44  Marauder, Marine  
  131  20:47  Liberator  
  135  20:53  Medivac  
  134  21:03  Ghost  
  136  21:04  Medivac  
  136  21:05  Marine  
  136  21:08  Marine  
  136  21:10  Marine  
  141  21:13  Marine  
  131  21:19  Marine, Marauder  
  134  21:26  Marine  
  134  21:29  Medivac  
  134  21:32  Marauder, Marine  
  137  21:37  Medivac  
  138  21:52  Medivac  
  130  21:55  Marauder x2  
  130  21:56  Marine  
  130  21:59  Marine, Medivac  
  138  22:03  Marine x2  
  138  22:07  Marine  
  141  22:12  Marine  
  141  22:13  Marauder  
  141  22:15  Marine  
  144  22:18  Marine  
  144  22:20  Marine  

Tags
 
Add a new tag
Caveats
  • Supply blocks, unpowered buildings, or Contaminate may cause inaccurate times.
  • Supply counts are checked every 10 seconds.